SKY
BALTIMORE ORIOLES @ NEW YORK METS
05/14/2052
 
TOP OF THE 1ST
Baltimore Orioles batting - Pitching for New York Mets : LHP Nick Coppa
Pitching: LHP Nick Coppa
Batting: RHB Redford Washington 0-0: Called Strike
0-1: Swinging Strike
0-2: Foul Ball, location: 2F
0-2: Foul Ball, location: 2F
0-2: Ball
1-2: Ball
2-2: Foul Ball, location: 2F
2-2: Foul Ball, location: 23F
2-2: Ground out 5-3 (Groundball, 56, EV 76.3 MPH)
Batting: SHB Magglio Trego 0-0: Ball
1-0: Ball
2-0: Called Strike
2-1: Ball
3-1: Ground out 5-3 (Groundball, 56, EV 90.0 MPH)
Batting: RHB Paul Ramos 0-0: Called Strike
0-1: Foul Ball, location: 9LDF
0-2: Strikes out swinging
Top of the 1st over - 0 runs, 0 hits, 0 errors, 0 left on base; Baltimore 0 - New York 0
BOTTOM OF THE 1ST
New York Mets batting - Pitching for Baltimore Orioles : LHP Jay Gordon
Pitching: LHP Jay Gordon
Batting: RHB Jeremy Zimmerman 0-0: Ball
1-0: Ball
2-0: SINGLE (Line Drive, 56D, EV 98.1 MPH)
Batting: RHB Jonathan Mitchell 0-0: Ball
Jeremy Zimmerman is caught stealing 2nd base 2-4
1-0: Swinging Strike
1-1: Ball
2-1: Called Strike
2-2: Ball
3-2: Foul Ball, location: 3F
3-2: Strikes out looking
Batting: RHB Javin Hall 0-0: Ball
1-0: SINGLE (Line Drive, 7S, EV 104.4 MPH)
Batting: RHB Tyler McCaughey 0-0: Ball
1-0: Called Strike
1-1: Called Strike
1-2: 2-RUN HOME RUN (Flyball, 7LD, EV 95.0 MPH), Distance : 379 ft
Batting: SHB Emmanuel González 0-0: Called Strike
0-1: Fly out, F9 (Flyball, 89M, EV 95.0 MPH)
Bottom of the 1st over - 2 runs, 3 hits, 0 errors, 0 left on base; Baltimore 0 - New York 2
TOP OF THE 2ND
Baltimore Orioles batting - Pitching for New York Mets : LHP Nick Coppa
Batting: SHB Kaleb Drew 0-0: Ball
1-0: Ball
2-0: SINGLE (Line Drive, 8RS, EV 108.1 MPH)
Batting: RHB Cooper Bean 0-0: Foul Ball, location: 2F
0-1: Swinging Strike
0-2: Ball
Wild Pitch!
Kaleb Drew to second
1-2: Ball
2-2: Strikes out swinging
Batting: RHB Boa Goddard 0-0: Ball
1-0: Ball
2-0: Called Strike
2-1: Foul Ball, location: 23FF
2-2: Foul Ball, location: 2F
2-2: Foul Ball, location: 2LF
2-2: Foul Ball, location: 9LDF
2-2: Ball
3-2: Foul Ball, location: 25F
3-2: Fly out, F8 (Flyball, 8LM, EV 91.3 MPH)
Batting: RHB Dong-Kyoon Shin 0-0: Called Strike
0-1: Fly out, F9 (Flyball, 9S, EV 96.9 MPH)
Top of the 2nd over - 0 runs, 1 hit, 0 errors, 1 left on base; Baltimore 0 - New York 2
BOTTOM OF THE 2ND
New York Mets batting - Pitching for Baltimore Orioles : LHP Jay Gordon
Batting: RHB Miroel Alcantar 0-0: Swinging Strike
0-1: Called Strike
0-2: Ball
1-2: Ground out 4-3 (Groundball, 4S, EV 84.4 MPH)
Batting: LHB Earl Jones 0-0: Ball
1-0: Ground out 4-3 (Groundball, 34, EV 80.0 MPH)
Batting: RHB Dennis Hardwick 0-0: Called Strike
0-1: Ball
1-1: Called Strike
1-2: Strikes out swinging, 2-3 out at first.
Bottom of the 2nd over - 0 runs, 0 hits, 0 errors, 0 left on base; Baltimore 0 - New York 2
TOP OF THE 3RD
Baltimore Orioles batting - Pitching for New York Mets : LHP Nick Coppa
Batting: RHB Martin Taylor 0-0: Ball
1-0: Ground out 5-3 (Groundball, 56, EV 87.5 MPH)
Batting: RHB Gonçalo Melo 0-0: Called Strike
0-1: Foul Ball, location: 2LF
0-2: Ball
1-2: Foul Ball, location: 2F
1-2: Strikes out looking
Batting: RHB Redford Washington 0-0: Called Strike
0-1: Ball
1-1: Ground out 5-3 (Groundball, 56S, EV 86.3 MPH)
Top of the 3rd over - 0 runs, 0 hits, 0 errors, 0 left on base; Baltimore 0 - New York 2
BOTTOM OF THE 3RD
New York Mets batting - Pitching for Baltimore Orioles : LHP Jay Gordon
Batting: LHB Enrique Reyna 0-0: Ball
1-0: Ball
2-0: Ground out U3 (Groundball, 3, EV 78.1 MPH)
Batting: RHB Jeremy Zimmerman 0-0: Ball
1-0: Ball
2-0: Ball
3-0: Called Strike
3-1: SINGLE (Line Drive, 4D, EV 110.0 MPH)
Batting: RHB Jonathan Mitchell 0-0: Ball
1-0: Ball
2-0: Foul Ball, location: 7LSF
2-1: Fly out, F9 (Flyball, 9, EV 90.0 MPH)
Batting: RHB Javin Hall 0-0: Called Strike
0-1: Ball
1-1: Ball
2-1: Fly out, F9 (Flyball, 89M, EV 97.5 MPH)
Bottom of the 3rd over - 0 runs, 1 hit, 0 errors, 1 left on base; Baltimore 0 - New York 2
TOP OF THE 4TH
Baltimore Orioles batting - Pitching for New York Mets : LHP Nick Coppa
Batting: SHB Magglio Trego 0-0: Foul Ball, location: 5F
0-1: SINGLE (Groundball, 4MD, EV 102.5 MPH)
Batting: RHB Paul Ramos 0-0: Ball
1-0: Swinging Strike
1-1: Called Strike
1-2: Fielders Choice at 2nd, 1-4 (Groundball, 15S, EV 73.1 MPH)
Batting: SHB Kaleb Drew 0-0: Swinging Strike
0-1: Ball
1-1: Swinging Strike
1-2: Ball
Paul Ramos is caught stealing 2nd base 2-4
2-2: Strikes out swinging
Top of the 4th over - 0 runs, 1 hit, 0 errors, 0 left on base; Baltimore 0 - New York 2
BOTTOM OF THE 4TH
New York Mets batting - Pitching for Baltimore Orioles : LHP Jay Gordon
Batting: RHB Tyler McCaughey 0-0: Ball
1-0: Called Strike
1-1: Foul Ball, location: 9LSF
1-2: Ball
2-2: Ball
3-2: Foul Ball, location: 7LSF
3-2: Strikes out swinging
Batting: SHB Emmanuel González 0-0: Foul Ball, location: 2F
0-1: Foul Ball, location: 5F
0-2: Ball
1-2: Ground out 5-3 (Groundball, 5, EV 99.4 MPH)
Batting: RHB Miroel Alcantar 0-0: Ball
1-0: SINGLE (Groundball, 23, EV 68.1 MPH) (infield hit)
Batting: LHB Earl Jones 0-0: Called Strike
0-1: Ball
1-1: Ball
Wild Pitch!
Miroel Alcantar to second
2-1: SINGLE (Groundball, 34D, EV 105.6 MPH)
Miroel Alcantar to third
Runner from 3rd tries for Home, SAFE, throw by RF to home
Batting: RHB Dennis Hardwick 0-0: Called Strike
0-1: SINGLE (Groundball, 56S, EV 75.6 MPH) (infield hit)
Earl Jones to second
Batting: LHB Enrique Reyna 0-0: Called Strike
0-1: Foul Ball, location: 25FF
0-2: Fly out, F8 (Flyball, 89M, EV 91.3 MPH)
Bottom of the 4th over - 1 run, 3 hits, 0 errors, 2 left on base; Baltimore 0 - New York 3
TOP OF THE 5TH
Baltimore Orioles batting - Pitching for New York Mets : LHP Nick Coppa
Batting: RHB Cooper Bean 0-0: Foul Ball, location: 2F
0-1: Foul Ball, location: 2F
0-2: Strikes out swinging
Batting: RHB Boa Goddard 0-0: Called Strike
0-1: Ball
1-1: Called Strike
1-2: Foul Ball, location: 9LDF
1-2: Ball
2-2: Ground out 4-3 (Groundball, 4S, EV 85.6 MPH)
Batting: RHB Dong-Kyoon Shin 0-0: Called Strike
0-1: Hit by Pitch
Batting: RHB Martin Taylor 0-0: Foul Ball, location: 25F
0-1: Ball
1-1: Ball
2-1: Swinging Strike
2-2: Ball
3-2: Foul Ball, location: 9LSF
3-2: Base on Balls
Dong-Kyoon Shin to second
Batting: RHB Gonçalo Melo 0-0: Foul Ball, location: 9LMF
0-1: Ball
1-1: Ball
2-1: Foul Ball, location: 9LSF
2-2: Foul Ball, location: 2F
2-2: Ball
3-2: Ground out 5-3 (Groundball, 56S, EV 87.5 MPH)
Top of the 5th over - 0 runs, 0 hits, 0 errors, 2 left on base; Baltimore 0 - New York 3
BOTTOM OF THE 5TH
New York Mets batting - Pitching for Baltimore Orioles : LHP Jay Gordon
Batting: RHB Jeremy Zimmerman 0-0: Called Strike
0-1: Ball
1-1: Swinging Strike
1-2: Ground out 4-3 (Groundball, 4, EV 98.1 MPH)
Batting: RHB Jonathan Mitchell 0-0: Ball
1-0: SINGLE (Flyball, 6MD, EV 91.9 MPH)
Batting: RHB Javin Hall 0-0: Foul Ball, location: 25F
0-1: Foul Ball, location: 2F
0-2: Ball
1-2: Foul Ball, location: 3SF
1-2: Foul Ball, location: 5FF
1-2: Ball
2-2: DOUBLE (Line Drive, 7LM, EV 109.4 MPH)
Jonathan Mitchell to third
Batting: RHB Tyler McCaughey 0-0: Called Strike
0-1: Ball
1-1: Ball
2-1: Foul Ball, location: 2F
2-2: Strikes out swinging
Batting: SHB Emmanuel González 0-0: 3-RUN HOME RUN (Flyball, 89XD, EV 101.9 MPH), Distance : 408 ft
Pitching: LHP Efrain Gould
Batting: RHB Miroel Alcantar 0-0: Ground out U3 (Groundball, 34S, EV 86.3 MPH)
Bottom of the 5th over - 3 runs, 3 hits, 0 errors, 0 left on base; Baltimore 0 - New York 6
TOP OF THE 6TH
Baltimore Orioles batting - Pitching for New York Mets : LHP Nick Coppa
Batting: RHB Redford Washington 0-0: Swinging Strike
0-1: Ball
1-1: SOLO HOME RUN (Flyball, 7LD, EV 95.6 MPH), Distance : 359 ft
Batting: SHB Magglio Trego 0-0: Ball
1-0: Foul Ball, location: 3SF
1-1: Called Strike
1-2: Ball
2-2: Ground out 5-3 (Groundball, 56S, EV 88.8 MPH)
Batting: RHB Paul Ramos 0-0: Ball
1-0: Ball
2-0: SINGLE (Groundball, 6MD, EV 104.4 MPH) (infield hit)
Batting: SHB Kaleb Drew 0-0: Called Strike
0-1: Called Strike
0-2: Foul Ball, location: 23F
0-2: Strikes out swinging
Batting: RHB Cooper Bean 0-0: Called Strike
0-1: Called Strike
0-2: Ball
1-2: Fly out, F8 (Flyball, 8LD, EV 111.3 MPH)
Top of the 6th over - 1 run, 2 hits, 0 errors, 1 left on base; Baltimore 1 - New York 6
BOTTOM OF THE 6TH
New York Mets batting - Pitching for Baltimore Orioles : LHP Efrain Gould
Batting: LHB Earl Jones 0-0: Called Strike
0-1: Ball
1-1: Called Strike
1-2: Ground out U3 (Groundball, 34, EV 103.1 MPH)
Batting: RHB Dennis Hardwick 0-0: Swinging Strike
0-1: Swinging Strike
0-2: Strikes out looking
Batting: LHB Enrique Reyna 0-0: Swinging Strike
0-1: Ball
1-1: Ball
2-1: Fly out, F8 (Line Drive, 8RM, EV 106.9 MPH)
Bottom of the 6th over - 0 runs, 0 hits, 0 errors, 0 left on base; Baltimore 1 - New York 6
TOP OF THE 7TH
Baltimore Orioles batting - Pitching for New York Mets : LHP Nick Coppa
Pitching: RHP Ethan Etling
Batting: RHB Boa Goddard 0-0: Ball
1-0: Called Strike
1-1: Ground out 6-3 (Groundball, 6, EV 92.5 MPH)
Batting: RHB Dong-Kyoon Shin 0-0: Ball
1-0: Ball
2-0: Called Strike
2-1: Fly out, F9 (Flyball, 9S, EV 88.8 MPH)
Batting: RHB Martin Taylor 0-0: Ball
1-0: SINGLE (Line Drive, 4M, EV 98.1 MPH)
Batting: RHB Gonçalo Melo 0-0: Called Strike
0-1: Swinging Strike
0-2: Foul Ball, location: 7LDF
0-2: Strikes out looking
Top of the 7th over - 0 runs, 1 hit, 0 errors, 1 left on base; Baltimore 1 - New York 6
BOTTOM OF THE 7TH
New York Mets batting - Pitching for Baltimore Orioles : LHP Efrain Gould
Batting: RHB Jeremy Zimmerman 0-0: Ball
1-0: Called Strike
1-1: Ground out 5-3 (Groundball, 56S, EV 88.1 MPH)
Batting: RHB Jonathan Mitchell 0-0: Ball
1-0: Ball
2-0: Ball
3-0: Called Strike
3-1: Fly out, F2 (Popup, 23F, EV 81.3 MPH)
Batting: RHB Javin Hall 0-0: Ball
1-0: Ball
2-0: Called Strike
2-1: Swinging Strike
2-2: Strikes out looking
Bottom of the 7th over - 0 runs, 0 hits, 0 errors, 0 left on base; Baltimore 1 - New York 6
TOP OF THE 8TH
Baltimore Orioles batting - Pitching for New York Mets : RHP Ethan Etling
Batting: LHB Tony Goerner 0-0: Ball
1-0: Ball
2-0: Ball
3-0: Called Strike
3-1: Called Strike
3-2: SOLO HOME RUN (Flyball, 9D, EV 99.4 MPH), Distance : 385 ft
Batting: SHB Magglio Trego 0-0: Ball
1-0: Swinging Strike
1-1: Swinging Strike
1-2: Ground out U3 (Groundball, 34, EV 85.0 MPH)
Pinch Hitting: LHB Shaun Lane 0-0: Ball
1-0: Foul Ball, location: 2F
1-1: Ball
2-1: Foul Ball, location: 7LSF
2-2: Ground out 6-3 (Groundball, P, EV 80.6 MPH)
Batting: SHB Kaleb Drew 0-0: Fly out, F7 (Flyball, 78M, EV 89.4 MPH)
Top of the 8th over - 1 run, 1 hit, 0 errors, 0 left on base; Baltimore 2 - New York 6
BOTTOM OF THE 8TH
New York Mets batting - Pitching for Baltimore Orioles : LHP Efrain Gould
Now in LF: Shaun Lane
Batting: RHB Tyler McCaughey 0-0: Ball
1-0: Ball
2-0: Called Strike
2-1: Ball
3-1: Base on Balls
Batting: SHB Emmanuel González 0-0: Foul Ball, location: 7LDF
0-1: Ball
1-1: Foul Ball, location: 2F
1-2: SINGLE (Groundball, 6MD, EV 95.6 MPH)
Tyler McCaughey to second
Batting: RHB Miroel Alcantar 0-0: Called Strike
0-1: Ball
1-1: Ball
2-1: Ball
3-1: Foul Ball, location: 2F
3-2: Foul Ball, location: 9LSF
3-2: Fly out, F8 (Flyball, 8RD, EV 93.8 MPH)
Batting: LHB Earl Jones 0-0: Grounds into double play, 3-6-3 (Groundball, 3, EV 106.9 MPH)
Bottom of the 8th over - 0 runs, 1 hit, 0 errors, 1 left on base; Baltimore 2 - New York 6
TOP OF THE 9TH
Baltimore Orioles batting - Pitching for New York Mets : RHP Ethan Etling
Batting: RHB Cooper Bean 0-0: Foul Ball, location: 5F
0-1: Ball
1-1: Ground out 3-1 (Groundball, 34S, EV 81.9 MPH)
Batting: RHB Boa Goddard 0-0: Fly out, F5 (Line Drive, 5, EV 67.5 MPH)
Batting: RHB Dong-Kyoon Shin 0-0: Called Strike
0-1: Fly out, F8 (Flyball, 8RS, EV 97.5 MPH)
Top of the 9th over - 0 runs, 0 hits, 0 errors, 0 left on base; Baltimore 2 - New York 6
Sunday, April 21st , 2024 - OOTP Baseball 24.11 Build 85